 Dungeon Crawl Stone Soup version 0.31.0-12-g77e489cdc1 (webtiles) character file.

Game seed: 12620866587577346408

288 hawla the Ducker (level 6, -4/50 (51) HPs)
             Began as a Minotaur Fighter on Feb 18, 2024.
             Killed from afar by Sigmund (5 damage)
             ... with a puff of flame
             ... on level 4 of the Dungeon.
             The game lasted 00:05:23 (2617 turns).

hawla the Ducker (Minotaur Fighter)                 Turns: 2617, Time: 00:05:23

HP:   -4/50 (51)    AC:  9    Str: 21    XL:     6   Next: 9%
MP:   0/5           EV:  9    Int:  5    God:
Gold: 124           SH:  6    Dex: 11    Spells: 5/5 levels left

rFire   . . .        a - +0 long sword
rCold   . . .        c - +1 buckler
rNeg    . . .        o - +0 chain mail
rPois   .            (helmet restricted)
rElec   .            (no cloak)
rCorr   .            (no gloves)
SInv    .            (no boots)
Will    ++...        n - amulet "Hocvotixa" {Spirit Will++} Stlth
                     (no ring)
HPRegen 0.28/turn    (no ring)
MPRegen 0.09/turn

%: guardian spirit
@: lethally poisoned (-4 -> -26), lightly drained
A: horns 2, retaliatory headbutt
a: no special abilities


You were on level 4 of the Dungeon.
You visited 1 branch of the dungeon, and saw 4 of its levels.

You collected 124 gold pieces.

Inventory:

Hand Weapons
 a - a +0 long sword (weapon)
Armour
 c - a +1 buckler (worn)
 o - a +0 chain mail (worn)
Jewellery
 e - a +5 ring of evasion
 k - a ring of ice
 n - the amulet "Hocvotixa" (around neck) {Spirit Will++}
   (You took it off a hobgoblin on level 3 of the Dungeon)

   [amulet of guardian spirit]

   Spirit:    It causes incoming damage to be divided between your reserves of
   health and magic.
   Will++:    It greatly increases your willpower.
 s - a ring of resist corrosion
Wands
 j - a wand of roots (6)
Scrolls
 g - a scroll of revelation
 h - a scroll of fog
 i - a scroll of teleportation
 l - a scroll of blinking {unknown}
 m - a scroll of enchant armour
 p - a scroll of noise {unknown}
Potions
 b - 2 potions of enlightenment {unknown}
 d - a potion of might
 f - 4 potions of heal wounds {unknown}
 q - a potion of magic {unknown}
 r - a potion of degeneration {unknown}


   Skills:
 - Level 3.6 Fighting
 - Level 2.4 Long Blades
 - Level 3.6 Armour
 + Level 5.8 Dodging
 - Level 5.0 Shields


You had 5 spell levels left.
You didn't know any spells.
Your spell library was empty.

Dungeon Overview and Level Annotations

Branches:
Dungeon (4/15)             Temple (0/1) D:4

Altars:
Cheibriados

Annotations:
D:4 Sigmund


Innate Abilities, Weirdness & Mutations

You have a pair of horns on your head.
You reflexively headbutt those who attack you in melee.


Message History

Something hits you!
The ball python attacks as it pursues you!
You block the ball python's attack. The ball python grabs you.
The ball python constricts you. You block the ball python's attack.
The ball python constricts you.
You escape the ball python's grasp.
A magic dart appears from out of thin air!
The magic dart hits you but does no damage.
The ball python misses you. You block the ball python's attack.
The ball python attacks as it pursues you!
The ball python closely misses you. You block the ball python's attack.
The ball python attacks as it pursues you!
The ball python barely misses you. You block the ball python's attack.
The ball python attacks as it pursues you!
You block the ball python's attack. The ball python grabs you.
The ball python constricts you. Something hits you.
You escape the ball python's grasp.
The ball python attacks as it pursues you!
The ball python bites you but does no damage.
The ball python grabs you. The ball python constricts you.
You escape the ball python's grasp.
You slash the ball python!
You kill the ball python!
Something hits you.
You see here a ball python corpse.
You closely miss something. Something hits you!
You miss something. Something hits you!
The gnoll hits you from afar with a +2 halberd of venom!
* * * LOW HITPOINT WARNING * * *
You are lethally poisoned!
You hit something but do no damage. Your headbutt misses something.
* * * LOW HITPOINT WARNING * * *
You feel very sick.
The gnoll hits you from afar with a +2 halberd of venom.
* * * LOW HITPOINT WARNING * * *
You are more poisoned.
You hear some strange, mumbled words.
A puff of flame appears from out of thin air!
The puff of flame hits you.
You die...

.$...#.# ... .. ..#.# #.# #.
#.#.# #.# # #.##.#.# #.# ..
......#####.# .8 #.#.........#
.⌠.#.#...####..#
..g#.......##.g##### ###
..g..##..#...gg{@..##### ...
.###.##..###.[####....)#####.#
#.....###..####....)......# #
#$##.......#........##....# .
#.#######.##.##.....##.#######
#.# #.## #.....##....#... ...
### ###########.#.## ...
#.#.## #... #...##


You could see 3 gnolls.

Vanquished Creatures
  A phantom (D:3)
  2 bombardier beetles (D:3)
  An orc priest (D:2)
  2 adders
  5 dart slugs
  A ribbon worm (D:4)
  3 orcs
  7 bats
  8 endoplasms
  3 giant cockroaches
  7 goblins
  6 hobgoblins
  15 kobolds
  A quokka (D:2)
  8 ball pythons
  2 frilled lizards (D:2)
  6 rats
78 creatures vanquished.

Notes
Turn   | Place    | Note
-------+----------+-------------------------------------------
     0 | D:1      | hawla the Minotaur Fighter began the quest for the Orb.
     0 | D:1      | Reached XP level 1. HP: 19/19 MP: 0/0
    62 | D:1      | Reached XP level 2. HP: 24/26 MP: 1/1
   289 | D:1      | Reached skill level 5 in Shields
   458 | D:1      | Reached XP level 3. HP: 31/31 MP: 2/2
   486 | D:1      | Reached skill level 1 in Dodging
  1048 | D:2      | Reached XP level 4. HP: 27/39 MP: 3/3
  1710 | D:3      | Noticed a phantom
  1735 | D:3      | Killed a phantom
  1736 | D:3      | Reached XP level 5. HP: 30/45 MP: 4/4
  1854 | D:3      | Found a snail-covered altar of Cheibriados.
  1874 | D:3      | Reached skill level 5 in Dodging
  1945 | D:3      | Identified the amulet "Hocvotixa" {Spirit Will++}
  2043 | D:3      | Identified the +0 leather armour of the Echidna {Will+
                  | MP+9}
  2173 | D:3      | Reached XP level 6. HP: 37/51 MP: 2/5
  2591 | D:4      | Noticed Sigmund
  2594 | D:4      | Found a staircase to the Ecumenical Temple.
  2617 | D:4      | HP: 1/50 [gnoll/+2 halberd of venom (2)]
  2617 | D:4      | Killed from afar by Sigmund

Illustrated notes

Levels and vault maps discovered:
D:1:      dpeg_arrival_pits, layout_basic
D:2:      cheibrodos_pilgrimage, layout_basic, serial_glass, glass_columns_a,
          glass_columns_c, minmay_quantized
D:3:      layout_basic, mainiacjoe_overflow_catwalk, chequers_arboretum
D:4:      cheibrodos_fertilizer, layout_loops_cross,
          nicolae_overflow_crystal_walls, minmay_temple_entry_drinking_statues,
          hangedman_decor_points, uniq_sigmund

Skill      XL: |  1  2  3  4  5 |
---------------+----------------+-----
Shields        | 4 5 |  5.0
Dodging        | 2 4 5 |  5.8
Fighting       | |  3.6
Long Blades    | |  2.4
Armour         | |  3.6

Action                     |  1- 3 |  4- 6 || total
---------------------------+-------+-------++-------
  Melee: Long sword        |    86 |    95 ||   181
         Headbutt          |    11 |    11 ||    22
  Evoke: Wand              |       |     2 ||     2
    Use: Scroll            |     3 |     3 ||     6
 Armour: Scale mail        |    57 |    36 ||    93
         Chain mail        |       |    30 ||    30
         Ice dragon scales |       |     2 ||     2
  Dodge: Dodged            |    36 |    48 ||    84
  Block: Buckler           |    21 |    32 ||    53
